 Dungeon Crawl Stone Soup version 0.17.1-2-g5865329 (webtiles) character file.

109104 simples the Warrior (level 16, 0/152 HPs)
             Began as a Minotaur Berserker on Feb 7, 2016.
             Was the Champion of Trog.
             Slain by a war axe of chopping (20 damage)
             ... on level 1 of the Elven Halls.
             The game lasted 01:25:15 (27802 turns).

simples the Warrior (Minotaur Berserker)           Turns: 27802, Time: 01:25:15

Health: 0/152      AC: 26    Str: 21    XL:     16   Next: 4%
Magic:  15/15      EV: 21    Int:  4    God:    Trog [******]
Gold:   452        SH:  0    Dex: 18    Spells: 0 memorised, 15 levels left

rFire  + . .     SeeInvis +     S - +6 great sword of the Five Blessings {drain, rElec rN+}
rCold  + . .     Clarity  .     C - +7 plate armour "Koorch Liut" {rElec}
rNeg   + + .     SustAt   .     (shield currently unavailable)
rPois  +         Gourm    .     h - -2 hat of the Alchemist {rElec rPois rF+ rC+ rN+ MR+ rMut rCorr}
rElec  +         Spirit   .     A - +0 cloak
rCorr  +         Warding  .     k - +0 pair of gloves
rMut   +         Stasis   .     (no boots)
MR     ++...                    K - amulet of faith
Stlth  ..........               r - +5 ring of evasion
                                T - ring of see invisible

@: exhausted, about to teleport, very slightly contaminated, slowed, invisible,
very slow, very resistant to hostile enchantments, extremely unstealthy
A: retaliatory headbutt, horns 2, mutation resistance 1, spit poison 1
a: Spit Poison, Berserk, Trog's Hand, Brothers in Arms, Burn Spellbooks,
Renounce Religion


You were on level 1 of the Elven Halls.
You worshipped Trog.
Trog was exalted by your worship.
You were not hungry.

You visited 4 branches of the dungeon, and saw 25 of its levels.
You visited the Abyss 1 time.
You also visited: Ice Cave.

You collected 2512 gold pieces.
You spent 2060 gold pieces at shops.

Inventory:

Hand Weapons
 G - the +11 rapier "Sietosu Bull" {pierce, rElec rF+ Str+3 SInv}
   (You found it on level 8 of the Dungeon)

   It inflicts extra damage upon your enemies.
   It affects your strength (+3).
   It protects you from fire.
   It insulates you from electricity.
   It lets you see invisible.
 M - a +3 antimagic rapier
 S - the +6 great sword of the Five Blessings (weapon) {drain, rElec rN+}
   (You found it on level 2 of the Elven Halls)

   A truly terrible weapon, it drains the life of those it strikes.
   It insulates you from electricity.
   It protects you from negative energy.
 Z - the +7 dagger of the Wraith {venom, Dex+5 SInv}
   (Trog gifted it to you on level 5 of the Lair of Beasts)

   It poisons the flesh of those it strikes.
   It affects your dexterity (+5).
   It lets you see invisible.
Armour
 h - the -2 hat of the Alchemist (worn) {rElec rPois rF+ rC+ rN+ MR+ rMut rCorr}
   (You acquired it on level 8 of the Lair of Beasts)

   It protects you from fire.
   It protects you from cold.
   It insulates you from electricity.
   It protects you from poison.
   It protects you from negative energy.
   It affects your resistance to hostile enchantments.
   It protects you from acid and corrosion.
   It protects you from mutation.
 k - a +0 pair of gloves (worn)
 A - a +0 cloak (worn)
 C - the +7 plate armour "Koorch Liut" (worn) {rElec}
   (You found it on level 7 of the Dungeon)

   It insulates you from electricity.
 O - a +2 buckler of protection
Jewellery
 q - an uncursed ring of positive energy
 r - a +5 ring of evasion (right hand)
 s - an uncursed amulet of stasis
 u - an uncursed ring of protection from magic
 K - an amulet of faith (around neck)
 N - an uncursed ring of ice
 T - a ring of see invisible (left hand)
Wands
 j - a wand of digging (18)
 L - a wand of invisibility (9)
 U - a wand of teleportation (7)
Scrolls
 a - a scroll of fear
 e - 10 scrolls of remove curse
 f - a scroll of noise {unknown}
 g - 4 scrolls of random uselessness
 i - 6 scrolls of fog
 l - 6 scrolls of teleportation
 n - 2 scrolls of immolation {unknown}
 t - 4 scrolls of recharging
 x - 4 scrolls of enchant armour
 y - 4 scrolls of enchant weapon
 E - 5 scrolls of magic mapping
 J - 2 scrolls of holy word
 V - 2 scrolls of silence
 X - 2 scrolls of vulnerability {unknown}
Potions
 b - 4 potions of might
 d - 9 potions of curing
 m - 5 potions of haste
 o - 3 potions of agility
 p - 2 potions of invisibility
 z - 3 potions of flight {unknown}
 H - 2 potions of magic {unknown}
 I - 2 potions of brilliance {unknown}
 P - 3 potions of cure mutation {unknown}
 W - 2 potions of cancellation
 Y - 2 potions of lignification {unknown}
Comestibles
 c - 12 bread rations
 B - 9 meat rations
 D - 18 fruits
 Q - 3 beef jerkies
 R - a slice of pizza


   Skills:
 + Level 16.7 Fighting
 - Level 15.8 Short Blades
 + Level 16.5 Armour
 + Level 15.4 Dodging
 - Level 4.4 Shields


You had 15 spell levels left.
You didn't know any spells.

Dungeon Overview and Level Annotations

Branches:
Dungeon (11/15)            Temple (0/1) D:5            Lair (8/8) D:11
 Shoals (0/4) Lair:5       Spider (0/4) Lair:5        Slime (0/6) Lair:6
    Orc (4/4) D:9             Elf (2/3) Orc:4

Altars:
Dithmenos
Kikubaaqudgha
Makhleb
Nemelex Xobeh
Okawaru
Trog
Vehumet
Yredelemnul
Beogh

Shops:
D:5 (   D:8 %   D:9 *   Orc:1 *   Orc:2 =   Orc:4 [(*:   Elf:2 }


Innate Abilities, Weirdness & Mutations

You reflexively headbutt those who attack you in melee.
You have a pair of horns on your head.
You are somewhat resistant to further mutation.
You can spit weak poison.


Message History

The war axe of chopping completely misses you.
Drink which item? (? for menu, Esc to quit)
You fade into invisibility!
The war axe of chopping hits you!
* * * LOW HITPOINT WARNING * * *
x2 The war axe of chopping closely misses you.
You are very lightly contaminated with residual magic.
The war axe of chopping hits you.
* * * LOW HITPOINT WARNING * * *
x2 Drink which item? (? for menu, Esc to quit)
You feel better. The war axe of chopping hits you.
* * * LOW HITPOINT WARNING * * *
x2 Drink which item? (? for menu, Esc to quit)
Okay, then.
Read which item? (? for menu, Esc to quit)
As you read the scroll of teleportation, it crumbles to dust.
You feel strangely unstable.
The war axe of chopping hits you but does no damage.
The war axe of chopping hits you!!
You die...

#)# ###### #.####.....
####.........#
#.........##.# ##########
#.#...##...... #........#
#......##..... #......#.#
#.#...######..
#..###.#.###.##.)######..
#..###.(@....##..........
##....#.#.######.########.
#...>...#.# ##'## ##
#.......#.# ##...##
#.........# ##.....## ##
#.......#####.......## #.
#......(####.........####.
###....[...'..(....^.+....
##.....[####.........####.


You could see a war axe of chopping.

Vanquished Creatures
  Maud (D:11)
  2 orc warlords (Orc:4)
  Nessos (Orc:3)
  2 deep elf death magi (Elf:1)
  Josephine (D:10)
  4 hydras
  2 catoblepae
  Erolcha (Orc:1)
  A centaur warrior (D:7)
  3 dancing weapons (Elf:2)
  A queen ant (Lair:8)
  3 orc high priests (Orc:4)
  14 death yaks
  Urug (D:10)
  Sonja (Orc:4)
  A fire crab (Lair:7)
  The ghost of emiel the Carver, a novice CeBe of Trog (Lair:2)
  An unseen horror (shapeshifter) (Elf:1)
  An ice devil (IceCv)
  7 deep elf summoners (Elf:1)
  An unseen horror (D:11)
  A hill giant (D:10)
  Pikel (D:8)
  7 deep elf conjurers (Elf:1)
  A wolf spider zombie (D:11)
  A necromancer (IceCv)
  5 orc knights (Orc:4)
  2 orc sorcerers
  2 griffons
  10 elephants
  A manticore (D:11)
  3 black mambas
  4 ice statues (IceCv)
  26 spiny frogs
  2 torpor snails
  2 fire drakes
  3 deep elf priests (Elf:1)
  4 komodo dragons
  A troll (Orc:4)
  2 polar bears
  2 giant leeches (Lair:8)
  4 red devils (Elf:1)
  8 blue devils (IceCv)
  A boulder beetle (Lair:7)
  3 two-headed ogres
  40 blink frogs
  A spriggan (shapeshifter) (Elf:2)
  69 yaks
  A human (D:8)
  A human (shapeshifter) (Elf:1)
  3 wraiths (D:10)
  9 deep elf magi (Elf:1)
  7 vampire mosquitoes (Lair:8)
  3 hippogriffs
  A hungry ghost (D:7)
  3 wyverns
  3 basilisks
  14 swamp worms (Lair:4)
  9 wolves
  7 deep elf fighters
  Edmund (D:5)
  6 wargs
  37 water moccasins
  21 soldier ants
  12 porcupines
  A phantom (D:9)
  A necrophage (D:6)
  34 orc warriors
  A centaur (D:5)
  10 ice beasts
  A wasp (D:7)
  7 ogres
  4 sky beasts
  4 slaves (D:8)
  2 eyes of draining
  A centaur (shapeshifter) (Elf:2)
  A brain worm (Lair:4)
  11 crocodiles
  31 giant frogs
  4 scorpions
  A wyvern skeleton (D:10)
  4 wights (D:9)
  9 electric eels
  A centaur zombie (D:7)
  3 giant frog zombies
  A quasit (D:9)
  6 hounds
  5 crimson imps
  18 iguanas
  3 jellies
  17 orc priests
  A giant frog skeleton (D:11)
  A spriggan simulacrum (IceCv)
  30 worker ants
  20 orc wizards
  69 sheep
  2 killer bee zombies
  3 troll simulacra (IceCv)
  2 centaur simulacra (IceCv)
  A worker ant zombie (D:10)
  19 adders
  2 naga simulacra (IceCv)
  2 ogre simulacra (IceCv)
  4 gnolls (D:2)
  66 river rats
  2 shadow imps
  An ooze (D:1)
  An adder skeleton (D:8)
  8 worms
  7 giant geckos
  178 orcs
  9 giant cockroaches
  3 hobgoblins
  6 jackals
  6 quokkas
  16 bats
  3 giant gecko skeletons
  6 giant newts
  9 goblins
  7 kobolds
  A quokka zombie (D:5)
  7 rats
  A spectral orc (D:3)
  3 fungi (Orc:4)
  2 plants (Lair:4)
1073 creatures vanquished.

Vanquished Creatures (others)
  A water moccasin zombie (D:7)
  14 fungi
  11 plants
  5 toadstools (D:1)
31 creatures vanquished.

Grand Total: 1104 creatures vanquished

Notes
Turn   | Place    | Note
--------------------------------------------------------------
     0 | D:1      | simples the Minotaur Berserker began the quest for the Orb.
     0 | D:1      | Reached XP level 1. HP: 19/19 MP: 0/0
   302 | D:1      | Reached skill level 4 in Fighting
   357 | D:1      | Reached XP level 2. HP: 24/27 MP: 1/1
   803 | D:2      | Reached ** piety under Trog
   803 | D:2      | Reached XP level 3. HP: 32/34 MP: 2/2
   988 | D:2      | Reached XP level 4. HP: 37/41 MP: 3/3
  1514 | D:3      | Reached skill level 5 in Fighting
  1602 | D:3      | Noticed an ice beast
  1611 | D:3      | Reached XP level 5. HP: 48/48 MP: 4/4
  1620 | D:3      | Killed an ice beast
  1627 | D:3      | Reached *** piety under Trog
  1803 | D:3      | Reached XP level 6. HP: 53/57 MP: 5/5
  1988 | D:3      | Found a basalt altar of Yredelemnul.
  2184 | D:3      | Reached skill level 5 in Armour
  2766 | D:4      | Reached skill level 6 in Fighting
  3130 | D:4      | Found a burning altar of Makhleb.
  3131 | D:4      | Noticed a blizzard demon
  3206 | D:4      | Reached skill level 5 in Dodging
  3498 | D:4      | Reached XP level 7. HP: 62/64 MP: 6/6
  3799 | D:5      | Entered Level 5 of the Dungeon
  3829 | D:5      | Received a gift from Trog
  4028 | D:5      | Noticed Edmund
  4042 | D:5      | Killed Edmund
  4042 | D:5      | Reached skill level 7 in Fighting
  4059 | D:5      | Reached **** piety under Trog
  4136 | D:5      | Found Suon's Antique Weapon Shop.
  4167 | D:5      | Found a staircase to the Ecumenical Temple.
  4273 | D:5      | Found an ancient bone altar of Kikubaaqudgha.
  4274 | D:5      | Found a sparkling altar of Nemelex Xobeh.
  4277 | D:5      | Found a shadowy altar of Dithmenos.
  4516 | D:6      | Reached XP level 8. HP: 56/73 MP: 7/7
  4919 | D:6      | Found a radiant altar of Vehumet.
  4919 | D:6      | Found a burning altar of Makhleb.
  5740 | D:7      | Found an iron altar of Okawaru.
  5786 | D:7      | Reached skill level 8 in Fighting
  6078 | D:7      | Got a crude plate armour
  6089 | D:7      | Identified the +7 plate armour "Koorch Liut" {rElec} (You found it on level 7 of the Dungeon)
  6112 | D:7      | Noticed a centaur warrior
  6133 | D:7      | Killed a centaur warrior
  6133 | D:7      | Reached skill level 9 in Fighting
  6133 | D:7      | Reached XP level 9. HP: 26/81 MP: 8/8
  6454 | D:7      | Gained mutation: You can spit weak poison. [potion of beneficial mutation]
  6455 | D:7      | Gained mutation: You are somewhat resistant to further mutation. [potion of beneficial mutation]
  7056 | D:8      | Found Muxah's Food Shop.
  7089 | D:8      | Bought a bread ration for 70 gold pieces
  7089 | D:8      | Bought a meat ration for 70 gold pieces
  7089 | D:8      | Bought a bread ration for 70 gold pieces
  7089 | D:8      | Bought a bread ration for 70 gold pieces
  7089 | D:8      | Bought a bread ration for 70 gold pieces
  7107 | D:8      | Noticed Pikel
  7182 | D:8      | Killed Pikel
  7182 | D:8      | Reached skill level 10 in Fighting
  7271 | D:8      | Got a scorched rapier
  7272 | D:8      | Identified the +11 rapier "Sietosu Bull" {pierce, rElec rF+ Str+3 SInv} (You found it on level 8 of the Dungeon)
  7494 | D:8      | You fall through a shaft for 2 floors!
  7494 | D:10     | Entered Level 10 of the Dungeon
  7637 | D:9      | Reached skill level 5 in Short Blades
  7638 | D:9      | Reached ***** piety under Trog
  7717 | D:9      | Reached XP level 10. HP: 91/91 MP: 3/9
  7783 | D:9      | Found a roughly hewn altar of Beogh.
  7784 | D:9      | Found a staircase to the Orcish Mines.
  7820 | D:9      | Found Ynear Cah's Assorted Antiques.
  8444 | D:9      | Received a gift from Trog
  8995 | D:10     | Noticed Josephine
  9006 | D:10     | Killed Josephine
  9006 | D:10     | Reached skill level 10 in Short Blades
  9017 | D:10     | HP: 4/91 [poisoned by Josephine]
  9022 | D:10     | HP: 2/91 [poisoned by Josephine]
  9029 | D:10     | HP: 2/91 [poisoned by Josephine]
  9034 | D:10     | HP: 1/91 [poisoned by Josephine]
  9400 | D:10     | Noticed Urug
  9413 | D:10     | Killed Urug
  9413 | D:10     | Reached skill level 11 in Short Blades
  9511 | D:10     | Reached XP level 11. HP: 97/97 MP: 10/10
  9516 | D:10     | Noticed a hill giant
  9526 | D:10     | Killed a hill giant
  9930 | D:10     | Reached skill level 12 in Short Blades
 10177 | D:11     | Noticed an unseen horror
 10188 | D:11     | Killed an unseen horror
 10333 | D:11     | Found a staircase to the Lair.
 10335 | D:11     | Noticed Maud
 10349 | D:11     | Killed Maud
 10349 | D:11     | Reached skill level 13 in Short Blades
 10504 | Lair:1   | Entered Level 1 of the Lair of Beasts
 10677 | Lair:1   | Reached skill level 14 in Short Blades
 10839 | Lair:1   | Noticed a seven-headed hydra
 10885 | Lair:1   | Killed a seven-headed hydra
 11180 | Lair:1   | Reached skill level 15 in Short Blades
 11180 | Lair:1   | Reached XP level 12. HP: 93/104 MP: 11/11
 11416 | Lair:1   | Reached ****** piety under Trog
 11624 | Lair:1   | Received a gift from Trog
 11860 | Lair:2   | Reached skill level 10 in Armour
 12391 | Lair:2   | Noticed emiel's ghost (novice CeBe)
 12400 | Lair:2   | Killed emiel's ghost
 12923 | Lair:3   | Reached skill level 10 in Dodging
 13314 | Lair:3   | Received a gift from Trog
 13655 | Lair:3   | Reached XP level 13. HP: 100/115 MP: 12/12
 14548 | Lair:4   | Received a gift from Trog
 15806 | Lair:5   | Found a staircase to the Shoals.
 15973 | Lair:5   | Found a frozen archway.
 16003 | Lair:5   | Received a gift from Trog
 16016 | Lair:5   | Got a translucent dagger {god gift}
 16140 | IceCv    | Entered an ice cave
 16141 | IceCv    | Identified the +7 dagger of the Wraith {venom, Dex+5 SInv} (Trog gifted it to you on level 5 of the Lair of Beasts)
 16804 | IceCv    | Got a steaming mottled dragon armour
 16829 | IceCv    | Identified the +2 mottled dragon armour of Midsummer {Regen+ Str+6} (You found it in an ice cave)
 17044 | Lair:5   | Found a hole to the Spider Nest.
 17437 | Lair:6   | Found a staircase to the Slime Pits.
 17747 | Lair:6   | Reached XP level 14. HP: 116/127 MP: 13/13
 18820 | Lair:7   | Received a gift from Trog
 19383 | Lair:8   | Entered Level 8 of the Lair of Beasts
 19798 | Lair:8   | Identified 2 scrolls of acquirement
 20501 | Lair:8   | Reached skill level 1 in Shields
 20574 | Lair:8   | Received a gift from Trog
 21000 | Lair:8   | Reached skill level 15 in Fighting
 21212 | Lair:8   | Received a gift from Trog
 21216 | Lair:8   | Reached XP level 15. HP: 132/141 MP: 14/14
 21252 | Lair:8   | Reached skill level 15 in Armour
 22419 | Orc:1    | Entered Level 1 of the Orcish Mines
 22419 | Orc:1    | Found Byuq's Antique Weapon Emporium.
 22434 | Orc:1    | Noticed Erolcha
 22437 | Orc:1    | Received a gift from Trog
 22451 | Orc:1    | Killed Erolcha
 22595 | Orc:1    | Found Befem's General Store.
 22623 | Orc:1    | Bought a potion of heal wounds for 70 gold pieces
 22623 | Orc:1    | Bought a scroll of silence for 105 gold pieces
 22854 | Orc:2    | Found Iggosya's Jewellery Shop.
 23062 | Orc:2    | Received a gift from Trog
 23187 | Orc:2    | Found a bloodstained altar of Trog.
 23680 | Orc:3    | Noticed Nessos
 23691 | Orc:3    | Killed Nessos
 23842 | Orc:3    | Found a roughly hewn altar of Beogh.
 23983 | Orc:4    | Entered Level 4 of the Orcish Mines
 24020 | Orc:4    | Received a gift from Trog
 24495 | Orc:4    | Found Ponag's General Store.
 24521 | Orc:4    | Bought a potion of curing for 36 gold pieces
 24521 | Orc:4    | Bought a potion of curing for 36 gold pieces
 24521 | Orc:4    | Bought a potion of degeneration for 12 gold pieces
 24528 | Orc:4    | Found Egganiomm's Book Shop.
 24942 | Orc:4    | Found Xynuri's Antique Weapon Shoppe.
 24943 | Orc:4    | Noticed Sonja
 24958 | Orc:4    | Reached skill level 16 in Fighting
 24969 | Orc:4    | Received a gift from Trog
 25006 | Orc:4    | Cast into the Abyss (Sonja)
 25008 | Abyss:1  | Noticed a tentacled starspawn
 25139 | Orc:4    | Escaped the Abyss
 25256 | Orc:4    | Killed Sonja
 25368 | Orc:4    | Found a staircase to the Elven Halls.
 25369 | Orc:4    | Found Ogrea's Antique Armour Boutique.
 25491 | Orc:4    | Bought a shiny buckler for 171 gold pieces
 25791 | Orc:2    | Bought a +5 ring of evasion for 880 gold pieces
 25793 | Orc:2    | Bought an uncursed ring of protection from magic for 400 gold pieces
 25920 | Elf:1    | Entered Level 1 of the Elven Halls
 25934 | Elf:1    | Received a gift from Trog
 26288 | Elf:1    | Reached skill level 15 in Dodging
 26607 | Elf:1    | Received a gift from Trog
 27216 | Elf:2    | Found Fizoc's Gadget Shop.
 27298 | Elf:2    | Got a polished great sword
 27306 | Elf:2    | Identified the +6 great sword of the Five Blessings {drain, rElec rN+} (You found it on level 2 of the Elven Halls)
 27677 | Elf:2    | Reached XP level 16. HP: 135/152 MP: 15/15
 27727 | Elf:2    | Found a runed gate.
 27727 | Elf:2    | Found a runed gate.
 27727 | Elf:2    | Found a runed gate.
 27792 | Elf:1    | HP: 11/228 [war axe of chopping (5)]
 27802 | Elf:1    | Slain by a war axe of chopping

Action                   |  1- 3 |  4- 6 |  7- 9 | 10-12 | 13-15 | 16-18 || total
-------------------------+-------+-------+-------+-------+-------+-------++-------
Melee: Short sword       |    37 |       |       |       |       |       ||    37
       Dagger            |    24 |   165 |   259 |       |       |       ||   448
       Rapier            |       |       |    54 |   615 |  2022 |       ||  2691
       Unarmed           |       |       |    10 |       |       |       ||    10
       Great sword       |       |       |       |       |     5 |    25 ||    30
Invok: Berserk           |       |     1 |     1 |     3 |    11 |     1 ||    17
       Trog's Hand       |       |     1 |       |       |    11 |     1 ||    13
  Use: Scroll            |       |     1 |     6 |    10 |    11 |     1 ||    29
       Potion            |       |       |     2 |       |     5 |     4 ||    11
 Stab: Sleeping          |     1 |       |       |       |       |       ||     1
       Distracted        |       |       |       |       |     1 |       ||     1
  Eat: Chunk             |       |     9 |     9 |    22 |    39 |       ||    79
       Beef jerky        |       |       |     2 |       |     1 |       ||     3
       Bread ration      |       |       |     1 |       |     2 |     1 ||     4
       Pizza             |       |       |       |       |     6 |       ||     6
